 Dungeon Crawl Stone Soup version 0.15-a0-773-g3a4c672 (webtiles) character file.

36 4tharraofdagon the Insei (level 3, 0/18 HPs)
             Began as a Vine Stalker Transmuter on May 13, 2014.
             Succumbed to an orc wizard's poison
             ... on Level 3 of the Dungeon.
             The game lasted 00:01:00 (185 turns).

4tharraofdagon the Insei (Vine Stalker Transmuter)   Turns: 185, Time: 00:01:01

HP   0/18        AC  2     Str 12      XL: 3   Next: 37%
MP   5/7         EV 12     Int 13      God:
Gold 57          SH  0     Dex 15      Spells:  1 memorised,  6 levels left

rFire  . . .     SeeInvis .       - Unarmed
rCold  . . .     Clarity  .     c - +0 robe
rNeg   . . .     Conserve .     (no shield)
rPois  .         rCorr    .     (no helmet)
rElec  .         rRot     +     (no cloak)
SustAb . .       Spirit   +     (no gloves)
rMut   .         Warding  .     (no boots)
Gourm  +         Stasis   .     g - amulet of the gourmand
MR     .....                    (no ring)
                                (no ring)

@: lethally poisoned, not resistant to hostile enchantments, very unstealthy
A: fangs 2, regeneration 1, magic shield, antimagic bite, no device heal 2
a: no special abilities


You were on level 3 of the Dungeon.
You were not hungry.

You visited 1 branch of the dungeon, and saw 3 of its levels.

You collected 57 gold pieces.

Inventory:

Missiles
 b - 12 arrows
Armour
 c - a +0 robe (worn)
Comestibles
 a - a bread ration
Scrolls
 f - a scroll of identify {unknown}
Jewellery
 g - an amulet of the gourmand (around neck)
Potions
 e - a potion of heal wounds {unknown}
 h - a potion of curing
Books
 d - a book of Changes

   Spells                             Type                      Level
   *Beastly Appendage                 Transmutation                1
   Sticks to Snakes                   Transmutation                2
   Spider Form                        Transmutation/Poison         3
   Ice Form                           Ice/Transmutation            4
   Blade Hands                        Transmutation                5


   Skills:
 + Level 1.5 Fighting
 + Level 1.7 Dodging
 * Level 3.4 Unarmed Combat
 + Level 2.7 Spellcasting
 + Level 2.2 Transmutations


You had 6 spell levels left.
You knew the following spells:

 Your Spells              Type           Power        Failure   Level  Hunger
a - Beastly Appendage     Trmt           #.....       12%         1    #......


Dungeon Overview and Level Annotations

Branches:
Dungeon (3/15)

Altars:


Innate Abilities, Weirdness & Mutations

You are immune to rotting.
You have extremely sharp teeth.
Your natural rate of healing is unusually fast.
When hurt, damage is shared between your health and your magic reserves.
Your bite disrupts and absorbs the magic of your enemies.
Potions and wands cannot restore your health.


Message History

You hit the orc wizard but do no damage.
Your bite misses the orc wizard.
The orc wizard is almost dead.
* * * LOW HITPOINT WARNING * * *
You feel sick.
The orc wizard mumbles some strange words.
The orc wizard seems to speed up.
You hit the orc wizard but do no damage.
The orc wizard is almost dead.
* * * LOW HITPOINT WARNING * * *
You feel sick. The orc wizard closely misses you.
Unknown command.
Unknown command.
You hit the orc wizard.
You kill the orc wizard!
You have reached level 3!
Your experience leads to an increase in your attributes!
Increase (S)trength, (I)ntelligence, or (D)exterity?
You feel agile.
You die...

#..# #....... # #######..##
#.......
#.##.........######.......
.......[...................
#.##......................
#.......(.######.......
###.###.### #.......
##.####.###.########.......
.........o)@..?.............
#...)....##.############.##
#........##.# #.#
#........##.. #.##
....(...##... ....
.....>.##.... ....
......##....# .....
########### ##### .....


You could see an orc.

Vanquished Creatures
  An orc wizard (D:3)
  An orc (D:3)
  A goblin (D:1)
  2 hobgoblins (D:1)
  A kobold (D:1)
  A ball python (D:1)
  2 bats
  A giant gecko (D:2)
10 creatures vanquished.

Notes
Turn   | Place    | Note
--------------------------------------------------------------
     0 | D:1      | 4tharraofdagon, the Vine Stalker Transmuter, began the quest for the Orb.
     0 | D:1      | Reached XP level 1. HP: 9/9 MP: 3/3
    20 | D:1      | Reached skill level 1 in Fighting
    61 | D:1      | Reached XP level 2. HP: 14/14 MP: 5/5
   185 | D:3      | Reached XP level 3. HP: 1/18 MP: 5/7
   185 | D:3      | Succumbed to an orc wizard's poison

Action                   || total
-------------------------++-------
Melee: Unarmed           ||    42
  Use: Potion            ||     1

Vault maps used:
D:1:      minmay_arrival_four_loops
D:2:      amethyst_overflow_temple_binary
D:3:      first_bread
